 Dungeon Crawl Stone Soup version 0.31.0-32-g396128a36d (webtiles) character file.

Game seed: 6150688320691248375

5 spaghetti the Vexing (level 1, -1/18 HPs)
             Began as a Naga Hexslinger on Mar 12, 2024.
             Slain by a quokka (4 damage)
             ... on level 1 of the Dungeon.
             The game lasted 00:00:16 (153 turns).

spaghetti the Vexing (Naga Hexslinger)               Turns: 153, Time: 00:00:17

Health: -1/18      AC:  1    Str: 10    XL:     1   Next: 80%
Magic:  2/2        EV: 10    Int: 13    God:
Gold:   5          SH:  0    Dex: 13    Spells: 2/2 levels left

rFire   . . .        a - +1 sling
rCold   . . .        (no shield)
rNeg    . . .        c - +0 robe
rPois   +            (no helmet)
rElec   .            (no cloak)
rCorr   .            (no gloves)
SInv    +            (no barding)
Will    .....        (no amulet)
Stlth   +            (no ring)
HPRegen 0.23/turn    (no ring)
MPRegen 0.08/turn

%: no passive effects
@: very slow
A: AC +0, large, see invisible, deformed body, poison resistance, slowness 2,
spit poison 1, naga tail 1
a: Spit Poison


You were on level 1 of the Dungeon.
You visited 1 branch of the dungeon, and saw 1 of its levels.

You collected 5 gold pieces.

Inventory:

Hand Weapons
 a - a +1 sling (weapon)
Armour
 c - a +0 robe (worn)
Scrolls
 b - a scroll of poison
 d - a scroll of vulnerability {unknown}
Potions
 e - a potion of haste {unknown}


   Skills:
 - Level 1.0 Fighting
 + Level 2.2 Ranged Weapons
 - Level 1.5 Dodging
 - Level 1.0 Spellcasting
 - Level 3.0 Hexes
 - Level 1.0 Fire Magic


You had 2 spell levels left.
You didn't know any spells.
Your spell library contained the following spells:

 Spells                   Type           Power      Damage    Failure   Level
 Jinxbite                 Hex            16%        N/A       12%         2
 Sigil of Binding         Hex            8%         N/A       24%         3
 Inner Flame              Hex/Fire       5%         N/A       36%         3
 Cause Fear               Hex            4%         N/A       63%         4
 Dimensional Bullseye     Hex/Tloc       2%         N/A       83%         4


Dungeon Overview and Level Annotations

Branches:
Dungeon (1/15)

Altars:


Innate Abilities, Weirdness & Mutations

Your serpentine skin is tough. (AC +0)
You have supernaturally acute eyesight. (SInv)
Armour fits poorly on your strangely shaped body.
Your system is resistant to poisons. (rPois)
You cover ground very slowly.
You can spit poison.
You have a snake-like lower body.


Message History

You are too injured to fight recklessly!
You are too injured to fight recklessly!
You are too injured to fight recklessly!
You are too injured to fight recklessly!
You are too injured to fight recklessly!
You are too injured to fight recklessly!
You are too injured to fight recklessly!
You are too injured to fight recklessly!
You are too injured to fight recklessly!
You are too injured to fight recklessly!
You are too injured to fight recklessly!
You are too injured to fight recklessly!
You are too injured to fight recklessly!
You are too injured to fight recklessly!
You are too injured to fight recklessly!
You are too injured to fight recklessly!
You are too injured to fight recklessly!
A quokka is nearby!
A quokka is nearby!
Aiming: Spit Poison (3% risk of failure)
Press: ? - help, Shift-Dir - straight line, f/p - quokka
Aim: a quokka (38% to hit)
The splash of poison misses the quokka.
The quokka closely misses you.
Unknown command.
You shoot a sling bullet. The sling bullet hits the quokka.
The quokka is severely wounded.
The quokka barely misses you.
You shoot a sling bullet.
The sling bullet barely misses the quokka.
You have got your breath back.
The quokka bites you. x2
You shoot a sling bullet.
The sling bullet barely misses the quokka.
The quokka barely misses you.
You shoot a sling bullet. The sling bullet hits the quokka.
The quokka is almost dead.
The quokka bites you.
* * * LOW HITPOINT WARNING * * *
The quokka bites you.
You die...

###### . #..... ..
#.#### ... #.# .... #.#
..... #.#
......#############.#
.....?r@...........>###
......#####...........#
..... #...........#
###. #...........# #
#...........#
#########.### #.# #.#
.####


You could see a quokka.

Vanquished Creatures
  A giant cockroach (D:1)
  A goblin (D:1)
  A hobgoblin (D:1)
  A bat (D:1)
  A rat (D:1)
5 creatures vanquished.

Notes
Turn   | Place    | Note
-------+----------+-------------------------------------------
     0 | D:1      | spaghetti the Naga Hexslinger began the quest for the Orb.
     0 | D:1      | Reached XP level 1. HP: 18/18 MP: 2/2
    15 | D:1      | Noticed a boulder beetle
    15 | D:1      | Noticed a rime drake
    15 | D:1      | Noticed a mana viper
    16 | D:1      | Noticed a komodo dragon
    16 | D:1      | Noticed a hound
   153 | D:1      | Slain by a quokka

Illustrated notes

Levels and vault maps discovered:
D:1:      onia_arrival_zoo_common, layout_basic,
          dreamdust_ecumenical_altar_drowned_temple

Skill      XL: |  1 |
---------------+----+-----
Ranged Weapons | 2 |  2.2
Fighting       | |  1.0
Dodging        | |  1.5
Spellcasting   | |  1.0
Hexes          | |  3.0
Fire Magic     | |  1.0

Action                     || total
---------------------------++-------
   Fire: Sling             ||    25
Ability: Spit Poison       ||     1
 Armour: Robe              ||    13
  Dodge: Dodged            ||     9
